 Dungeon Crawl Stone Soup version 0.25-a0-365-g7600c65 (webtiles) character file.

Game seed: 3239038182977010119, levelgen mode: deterministic

28 Birdy the Sneak (level 3, -1/18 HPs)
             Began as a Vine Stalker Assassin on Jan 5, 2020.
             Slain by a gnoll
             ... wielding a +0 spear
              (6 damage)
             ... on level 1 of the Dungeon.
             The game lasted 00:00:53 (389 turns).

Birdy the Sneak (Vine Stalker Assassin)              Turns: 389, Time: 00:00:53

Health: -1/18      AC:  3    Str: 13    XL:     3   Next: 14%
Magic:  0/5        EV: 12    Int: 11    God:
Gold:   29         SH:  0    Dex: 16    Spells: 3/3 levels left

rFire    . . .     SeeInvis .   a - +2 dagger
rCold    . . .     Gourm    .   (no shield)
rNeg     . . .     Faith    .   b - +0 robe
rPois    .         Spirit   +   (no helmet)
rElec    .         Reflect  .   c - +0 cloak
rCorr    .         Harm     .   (no gloves)
MR       .....                  (no boots)
Stlth    +++.......             (no amulet)
HPRegen  0.06/turn              (no ring)
MPRegen  0.09/turn              (no ring)

@: no status effects
A: fangs 2, magic shield, antimagic bite, no potion heal 3, rot immunity
a: no special abilities


You were on level 1 of the Dungeon.
You were not hungry.

You visited 1 branch of the dungeon, and saw 1 of its levels.

You collected 29 gold pieces.

Inventory:

Hand Weapons
 a - a +2 dagger (weapon)
Missiles
 d - 8 poisoned darts (quivered)
 e - 2 curare-tipped darts
Armour
 b - a +0 robe (worn)
 c - a +0 cloak (worn)
Comestibles
 f - a ration


   Skills:
 + Level 2.1 Fighting
 - Level 1.7 Short Blades
 - Level 1.7 Throwing
 + Level 0.7 Armour
 + Level 1.2 Dodging
 + Level 5.1 Stealth
 + Level 0.9 Spellcasting


You had 3 spell levels left.
You didn't know any spells.
Your spell library was empty.

Dungeon Overview and Level Annotations

Branches:
Dungeon (1/15)

Altars:


Innate Abilities, Weirdness & Mutations

You have extremely sharp teeth.
When hurt, damage is shared between your health and your magic reserves.
Your bite disrupts and absorbs the magic of your enemies.
Potions cannot restore your health.
You are immune to rotting.


Message History

You kill the frilled lizard!
The gnoll closely misses you.
You see here a hobgoblin corpse.
You barely miss the gnoll. The gnoll hits you with a +0 spear.
* * * LOW HITPOINT WARNING * * *
You hit the gnoll but do no damage. You bite the gnoll, but do no damage.
The gnoll barely misses you.
You hit the gnoll.
The gnoll is moderately wounded.
You hit the gnoll. You bite the gnoll, but do no damage.
The gnoll is moderately wounded.
The gnoll hits you with a +0 spear.
* * * LOW HITPOINT WARNING * * *
You closely miss the gnoll.
The gnoll is moderately wounded.
The gnoll misses you.
You hit the gnoll.
The gnoll is heavily wounded.
The gnoll hits you with a +0 spear!
You die...

#...... #..#.#
....). ##.##.#
..... #..##.#
..... #..##.#
.....######..##.#
........(....#
###
..........##.#
...
..........##.# #
....>.....##@# #
..........##g# #
#..###...###g# #
#. #††)###.# #
#.......# #
#...>...# ..
#.).....# ...
#.†.....# ...
#.......#


You could see a gnoll and a goblin.

Vanquished Creatures
  2 leopard geckos (D:1)
  A giant cockroach (D:1)
  3 goblins (D:1)
  6 hobgoblins (D:1)
  4 frilled lizards (D:1)
  5 kobolds (D:1)
  4 rats (D:1)
25 creatures vanquished.

Notes
Turn   | Place    | Note
-------+----------+-------------------------------------------
     0 | D:1      | Birdy the Vine Stalker Assassin began the quest for the
                  | Orb.
     0 | D:1      | Reached XP level 1. HP: 11/11 MP: 2/2
     9 | D:1      | Noticed a bullfrog
    35 | D:1      | Reached skill level 1 in Dodging
    35 | D:1      | Reached XP level 2. HP: 9/15 MP: 0/3
    44 | D:1      | Reached skill level 5 in Stealth
   358 | D:1      | Reached XP level 3. HP: 10/18 MP: 3/5
   389 | D:1      | Slain by a gnoll

Levels and vault maps discovered:
D:1:      evilmike_arrival_come_back, layout_rooms

Skill      XL: |  1  2 |
---------------+-------+-----
Dodging        | 1 |  1.2
Stealth        | 5 |  5.1
Fighting       | 2 |  2.1
Short Blades   | |  1.7
Throwing       | |  1.7
Armour         | |  0.7
Spellcasting   | |  0.9

Action                   || total
-------------------------++-------
Melee: Dagger            ||    67
       Bite              ||    13
 Stab: Sleeping          ||     2
Armor: Robe              ||    16
Dodge: Dodged            ||    46

Table legend:
 A = Non-vault XP
 B = Vault XP
 C = Vault XP percentage of total XP
 D = Non-vault monster count
 E = Vault monster count
 F = Vault count percentage of total count
                 A         B        C        D         E       F
            +---------+---------+-------+---------+---------+-------
      Total |      41 |       0 |   0.0 |      25 |       0 |   0.0
            +---------+---------+-------+---------+---------+-------
        D:1 |      41 |       0 |   0.0 |      25 |       0 |   0.0
            +---------+---------+-------+---------+---------+-------
